AoeStats
← DAN13L

MegaRandom

509814550Analyzed
3v3 RM · 6d ago on Sep 28, 2026· 57m 41s· 6 players
Game mode
Random Map
Map size
Normal (6 player)
Population
200
Speed
Normal
Resources
Standard
Victory
Conquest
Starting age
Dark Age
Ending age
Imperial Age
RankedLock teamsTeams togetherTeam positionsShared explorationLock speedFull tech treeHidden civsTurbo modeCheats
Victory
Defeat
🇦🇷 Bulgarians · Argentina
1110
+14
🇺🇸 Inca · United States
1069
+16
🇲🇽 Franks · Mexico
1034
+18
🇲🇽 Maya · Mexico
1072
-16
🇦🇷 Vietnamese · Argentina
1072
-16
🇲🇽 Burgundians · Mexico
1067
-16
Lazerkats
4:45 Loom
10:39 Feudal Age
11:33 Double-Bit Axe
14:44 Fletching
23:48 Castle Age
23:14 Forging
23:05 Scale Mail Armor
22:49 Horse Collar
23:53 Pikeman
24:35 Bodkin Arrow
24:40 Padded Archer Armor
25:07 Bow Saw
25:29 Town Watch
26:27 Heavy Plow
28:00 Squires
31:19 Wheelbarrow
31:58 Chain Mail Armor
33:14 Stone Mining
34:36 Guard Tower
39:53 Gold Mining
44:47 Hand Cart
47:06 Stone Shaft Mining
47:06 Gold Shaft Mining
49:59 Imperial Age
48:08 Sanctity
47:31 Champi Runner
48:57 Champi Warrior
50:04 Elite Champi Warrior
51:00 Arson
52:28 Iron Casting
52:23 Plate Mail Armor
52:16 Conscription
52:17 Fabric Shields
52:09 Capped Ram
54:34 Blast Furnace
53:57 Ballistics
54:15 Keep
Alanccino
0:29 Loom
9:40 Feudal Age
10:05 Double-Bit Axe
16:42 Forging
19:43 Castle Age
18:38 Scale Barding Armor
31:13 Pikeman
31:39 Gambesons
36:29 Imperial Age
36:34 Man-at-Arms
37:15 Squires
37:26 Long Swordsman
40:14 Gold Mining
40:32 Scale Mail Armor
40:19 Two-Handed Swordsman
42:11 Iron Casting
42:40 Gold Shaft Mining
42:29 Chain Mail Armor
42:53 Champion
45:03 Blast Furnace
44:33 Plate Mail Armor
45:33 Plate Mail Armor
44:30 Ordonnance Companies
47:36 Arson
55:29 Elite Throwing Axeman
locodecano
0:33 Loom
10:49 Feudal Age
17:07 Horse Collar
22:24 Castle Age
20:42 Gold Mining
20:43 Double-Bit Axe
22:07 Bloodlines
22:07 Forging
22:19 Scale Barding Armor
23:30 Husbandry
24:11 Iron Casting
24:00 Chain Barding Armor
30:27 Bow Saw
33:23 Heavy Plow
34:02 Wheelbarrow
36:13 Hand Cart
38:00 Stirrups
42:05 Imperial Age
41:20 Gold Shaft Mining
42:12 Cavalier
43:21 Conscription
44:10 Crop Rotation
45:19 Plate Barding Armor
48:01 Caravan
49:21 Blast Furnace
50:12 Illumination
50:19 Illumination
49:49 Onager
51:45 Chemistry
56:40 Coinage
56:13 Heavy Scorpion
57:18 Ballistics
DAN13L
0:28 Loom
9:03 Feudal Age
10:43 Wheelbarrow
19:38 Castle Age
20:01 Fletching
22:52 Elite Skirmisher
25:36 Double-Bit Axe
27:00 Padded Archer Armor
27:05 Pikeman
33:23 Horse Collar
35:02 Squires
36:01 Crossbowman
40:07 Thumb Ring
43:38 Hand Cart
43:11 Town Watch
44:41 Bodkin Arrow
47:06 Scale Mail Armor
48:49 Forging
48:42 Eagle Warrior
55:24 Hul'che Javelineers
59:49 Imperial Age
Heis
10:51 Feudal Age
11:26 Loom
11:37 Double-Bit Axe
12:53 Wheelbarrow
14:47 Scale Barding Armor
16:47 Wheelbarrow
18:37 Forging
22:03 Castle Age
24:56 Horse Collar
25:45 Cavalier
28:49 Hand Cart
29:13 Fletching
30:32 Gold Mining
31:39 Heavy Plow
31:50 Bow Saw
35:18 Imperial Age
33:55 Town Watch
34:29 Husbandry
3ms
5:22 Loom
9:33 Feudal Age
10:09 Double-Bit Axe
10:07 Horse Collar
11:20 Wheelbarrow
18:01 Castle Age
17:14 Stone Mining
19:59 Town Watch
20:55 Town Watch
21:26 Hand Cart
22:57 Bow Saw
26:59 Fletching
31:15 Forging
31:06 Scale Mail Armor
34:03 Gold Mining
35:04 Squires
36:08 Iron Casting
36:06 Town Patrol
39:22 Chain Mail Armor
41:06 Stone Shaft Mining
40:35 Heavy Plow
40:34 Bodkin Arrow
40:40 Padded Archer Armor
44:27 Imperial Age
43:04 Leather Archer Armor
42:39 Elite Skirmisher
43:25 Thumb Ring
43:12 Arson
44:55 Ballistics
44:34 Capped Ram
46:20 Imperial Skirmisher
52:41 Pikeman
54:24 Treadmill Crane
Connection lost

Rejoining the realm…

Still unreachable

The connection could not be restored.

Session expired

The server has moved on; the page needs a fresh start.